 Dungeon Crawl Stone Soup version 0.29-a0-352-g0917bc69df (webtiles) character file.

Game seed: 4570873348382333466

28138 quokkamancerX the Grappler (level 13, -7/210 HPs)
             Began as a Troll Fighter on Apr 24, 2022.
             Was a High Priest of Okawaru.
             Mangled by an eight-headed hydra (9 damage)
             ... on level 4 of the Lair of Beasts on Apr 25, 2022.
             The game lasted 01:26:19 (14536 turns).

quokkamancerX the Grappler (Troll Fighter)         Turns: 14536, Time: 01:26:19

Health: -7/210     AC:  6    Str: 31    XL:     13   Next: 8%
Magic:  11/12      EV: 13    Int:  4    God:    Okawaru [*****.]
Gold:   745        SH: 16    Dex:  9    Spells: 12/12 levels left

rFire   + . .      SeeInvis +     - Unarmed
rCold   . . .      Faith    .   q - +3 tower shield
rNeg    . . .      Spirit   .   w - +0 robe {Will+}
rPois   +          Reflect  .   m - +1 hat {SInv}
rElec   .          Harm     .   K - +0 cloak "Ronyen" {rF+}
rCorr   .          Rampage  .   (gloves unavailable)
Will    +....                   (boots unavailable)
Stlth   ..........              (no amulet)
HPRegen 1.25/turn               x - +4 ring of evasion
MPRegen 0.13/turn               J - ring of poison resistance

@: berserking, studying Staves, very quick
A: large, unfitting armour, claws 3, regeneration 1, shaggy fur 1, tough skin 1
a: Renounce Religion, Heroism, Finesse, Duel


You were on level 4 of the Lair of Beasts.
You worshipped Okawaru.
Okawaru was extremely pleased with you.
You visited 3 branches of the dungeon, and saw 16 of its levels.

You collected 1382 gold pieces.
You spent 637 gold pieces at shops.

Inventory:

Missiles
 c - 6 javelins
 n - 8 boomerangs (quivered)
 p - a curare-tipped dart
 C - 25 poisoned darts
 D - 12 atropa-tipped darts
Armour
 m - a +1 hat of see invisible (worn)
 q - a +3 tower shield (worn)
 w - a +0 robe of willpower (worn)
 K - the +0 cloak "Ronyen" (worn) {rF+}
   (Okawaru gifted it to you on level 1 of the Lair of Beasts)

   rF:        It protects you from fire.
Jewellery
 t - a +6 ring of intelligence
 x - a +4 ring of evasion (left claw)
 y - a ring of ice
 F - a ring of protection from cold
 J - a ring of poison resistance (right claw)
Wands
 a - a wand of flame (44)
 u - a wand of iceblast (6)
 v - a wand of digging (11)
Scrolls
 e - 4 scrolls of magic mapping
 j - 3 scrolls of fear
 k - 4 scrolls of vulnerability
 l - a scroll of immolation
 s - 3 scrolls of fog
 z - 2 scrolls of teleportation
 G - 2 scrolls of blinking
 H - 2 scrolls of identify
Potions
 b - 6 potions of curing
 d - 2 potions of might
 f - 6 potions of cancellation
 g - 4 potions of lignification
 h - 6 potions of heal wounds
 i - 6 potions of flight
 o - 2 potions of haste
 r - a potion of brilliance
 A - a potion of attraction
 B - 6 potions of mutation
 I - a potion of magic {unknown}
 L - 2 potions of ambrosia {unknown}


   Skills:
 - Level 12.0 Fighting
 + Level 7.1 Dodging
 + Level 7.0 Shields
 - Level 14.0 Unarmed Combat


You had 12 spell levels left.
You didn't know any spells.
Your spell library contained the following spells:

 Spells                   Type           Power      Damage    Failure   Level
 Magic Dart               Conj           0%         1d3       96%         1
 Sandblast                Erth           0%         2d4       96%         1
 Sting                    Tmut/Pois      0%         1d3       96%         1
 Blink                    Tloc           0%         N/A       99%         2
 Passwall                 Tmut/Erth      0%         N/A       99%         2
 Poisonous Vapours        Pois/Air       0%         N/A       99%         2
 Searing Ray              Conj           0%         2d4       99%         2
 Gell's Gravitas          Tloc           0%         N/A       100%        3
 Lesser Beckoning         Tloc           0%         N/A       100%        3
 Stone Arrow              Conj/Erth      0%         3d7       100%        3
 Teleport Other           Tloc           0%         N/A       100%        3
 Airstrike                Air            0%         N/A       100%        4
 Fulminant Prism          Conj/Hex       0%         3d6       100%        4
 Olgreb's Toxic Radiance  Pois           0%         N/A       100%        4
 Blade Hands              Tmut           0%         N/A       100%        5
 Lightning Bolt           Conj/Air       0%         1d11      100%        5
 Manifold Assault         Tloc           0%         N/A       100%        5
 Conjure Ball Lightning   Conj/Air       0%         3x3d6     100%        6
 Iron Shot                Conj/Erth      0%         9d1       100%        6
 Discord                  Hex            0%         N/A       100%        8
 Disjunction              Tloc           0%         N/A       100%        8
 Animate Armour           Summ/Erth      Unusable   N/A       N/A         4
 Summon Lightning Spire   Summ/Air       Unusable   N/A       N/A         4

Dungeon Overview and Level Annotations

Branches:
Dungeon (11/15)            Temple (1/1) D:4            Lair (4/6) D:9
  Snake (0/4) Lair:4
  Swamp: Lair:2-4    Shoals: Lair:2-4       Orc: D:9-12

Altars:
Ashenzari
Cheibriados
Dithmenos
Elyvilon
Fedhas
Gozag
Hepliaklqana
Kikubaaqudgha
Makhleb
Nemelex Xobeh
Okawaru
Qazlal
Ru
Sif Muna
Trog
Uskayaw
Vehumet
Wu Jian
Xom
Yredelemnul
Zin
The Shining One

Shops:
D:6 [   D:10 *[=?[   D:11 =

Annotations:
D:9 exclusion: obsidian statue


Innate Abilities, Weirdness & Mutations

You are too large for most types of armour.
You have claws for hands.
Your natural rate of healing is unusually fast.
You are covered in fur. (AC +1)
You have tough skin. (AC +1)


Message History

The six-headed hydra bites you.
You block the six-headed hydra's attack.
The six-headed hydra bites you but does no damage.
The six-headed hydra bites you!
* * * LOW HITPOINT WARNING * * *
The six-headed hydra bites you!
* * * LOW HITPOINT WARNING * * *
A red film seems to cover your vision as you go berserk!
You feel yourself moving faster!
You feel mighty!
You feel like a meek peon again. The six-headed hydra barely misses you.
You block the six-headed hydra's attack. x2
The six-headed hydra closely misses you.
The six-headed hydra misses you.
You block the six-headed hydra's attack.
You barely miss the six-headed hydra.
The six-headed hydra is lightly wounded.
Unknown command.
You tear one of the six-headed hydra's heads off!
The five-headed hydra grows two more!
You claw the seven-headed hydra!
The seven-headed hydra is moderately wounded.
You block the seven-headed hydra's attack.
The seven-headed hydra bites you!
* * * LOW HITPOINT WARNING * * *
You block the seven-headed hydra's attack. x2
The seven-headed hydra closely misses you.
The seven-headed hydra bites you but does no damage.
The seven-headed hydra closely misses you.
You tear one of the seven-headed hydra's heads off!
The six-headed hydra grows two more!
You eviscerate the eight-headed hydra!!!
The eight-headed hydra is severely wounded.
The eight-headed hydra bites you!
* * * LOW HITPOINT WARNING * * *
You block the eight-headed hydra's attack.
The eight-headed hydra bites you!
* * * LOW HITPOINT WARNING * * *
You block the eight-headed hydra's attack.
The eight-headed hydra bites you!
You die...

....................P###P........
###P#.#.##...####......(+........
#######...P# #######.#........ ##
♣#♣.#♣ ##..#.###.. .# ♣♣♣♣♣
♣♣♣♣♣######P#.# #####
♣♣♣≈§.♣♣♣♣♣≈≈≈♣##..>..... ....#
♣§§≈§.§§§♣≈≈≈≈♣♣........# ....#
♣§§§≈§♣§§D♣≈≈≈≈♣♣.P.#.##.. ....#♣
♣§§§§≈♣♣♣@♣≈≈≈≈♣..........
.....♣♣.§♣§§≈♣ ♣§.≈≈≈≈♣..........
....##♣. ♣§§§. ♣...≈≈≈♣..........
.....#♣ ..§.. ♣♣..≈≈............
....'.♣ .§§§§. ♣♣.♣≈.......<....
....##♣♣..♣§§♣≈ ♣♣♣♣.♣..........
#.### ♣♣♣......... ### #♣..####..
###


You could see an eight-headed hydra.

Vanquished Creatures
  2 hydras
  A centaur warrior (D:9)
  6 two-headed ogres
  Urug (Lair:1)
  Amaemon (Lair:1)
  Lodul (D:11)
  A deep elf pyromancer (D:10)
  3 elephants (Lair:3)
  A water nymph (shapeshifter) (D:9)
  Joseph (D:7)
  A black mamba (Lair:1)
  An orange demon (Lair:1)
  A gargoyle (D:11)
  A kobold demonologist (D:10)
  5 cane toads
  A rime drake (Lair:2)
  5 komodo dragons
  3 unseen horrors
  A troll (D:9)
  5 hornets (Lair:2)
  Sigmund (D:3)
  A wraith (D:9)
  2 vampires
  3 wyverns
  A basilisk (Lair:2)
  38 yaks
  3 steam dragons
  4 vampire mosquitoes (D:9)
  6 water moccasins
  Duvessa (D:4)
  2 black bears (D:7)
  2 orc warriors
  2 ogres
  3 wolves (Lair:3)
  7 centaurs
  3 phantoms
  4 kobold brigands
  5 gnoll sergeants
  3 necrophages
  7 bullfrogs
  2 scorpions
  Dowan (D:4)
  8 wights
  A killer bee (D:9)
  A vampire bat (Lair:2)
  6 howler monkeys
  5 hounds
  3 jellies
  An orc priest (D:6)
  A gnoll shaman (D:9)
  5 iguanas
  8 orc wizards
  A killer bee zombie (D:7)
  A mummy (D:7)
  Robin (D:2)
  29 gnolls
  10 adders
  A white imp (D:7)
  2 worms
  5 dart slugs
  28 orcs
  8 endoplasms
  3 giant cockroaches
  24 goblins
  8 hobgoblins
  4 jackals (D:1)
  5 quokkas
  2 training dummies (D:4)
  11 ball pythons
  10 bats
  5 frilled lizards
  28 kobolds
  8 rats
376 creatures vanquished.

Vanquished Creatures (others)
  6 fungi (Lair:2)
  40 plants
46 creatures vanquished.

Grand Total: 422 creatures vanquished

Notes
Turn   | Place    | Note
-------+----------+-------------------------------------------
     0 | D:1      | quokkamancerX the Troll Fighter began the quest for the
                  | Orb.
     0 | D:1      | Reached XP level 1. HP: 22/22 MP: 0/0
    88 | D:1      | Reached XP level 2. HP: 16/29 MP: 1/1
    89 | D:1      | Reached skill level 3 in Unarmed Combat
   291 | D:1      | Reached XP level 3. HP: 33/36 MP: 2/2
   323 | D:1      | Found a faded altar of an unknown god.
   905 | D:2      | Reached skill level 4 in Unarmed Combat
  1060 | D:2      | Reached XP level 4. HP: 44/44 MP: 3/3
  1138 | D:2      | Noticed Robin
  1161 | D:2      | Killed Robin
  1410 | D:2      | Reached skill level 5 in Unarmed Combat
  1713 | D:3      | Reached XP level 5. HP: 50/50 MP: 4/4
  2102 | D:3      | Noticed Sigmund
  2107 | D:4      | Noticed an ogre
  2117 | D:4      | Killed an ogre
  2118 | D:4      | Reached skill level 6 in Unarmed Combat
  2118 | D:4      | Reached XP level 6. HP: 57/59 MP: 5/5
  2170 | D:3      | Killed Sigmund
  2171 | D:3      | Reached skill level 7 in Unarmed Combat
  2484 | D:4      | Reached XP level 7. HP: 66/66 MP: 6/6
  2597 | D:4      | Reached skill level 8 in Unarmed Combat
  2759 | D:4      | Noticed Duvessa
  2759 | D:4      | Noticed Dowan
  2768 | D:4      | Killed Duvessa
  2771 | D:4      | Killed Dowan
  2772 | D:4      | Reached skill level 9 in Unarmed Combat
  3135 | D:4      | Found a staircase to the Ecumenical Temple.
  3142 | Temple   | Entered the Ecumenical Temple
  3308 | Temple   | Became a worshipper of Warmaster Okawaru
  3434 | D:5      | Entered Level 5 of the Dungeon
  3555 | D:5      | Reached XP level 8. HP: 73/74 MP: 7/7
  4658 | D:6      | Reached skill level 10 in Unarmed Combat
  4824 | D:6      | Found Gilyed Dedgh's Armour Shop.
  4833 | D:6      | Bought a +0 hat of see invisible for 132 gold pieces
  5017 | D:6      | Reached * piety under Okawaru
  5484 | D:7      | Reached skill level 5 in Fighting
  5484 | D:7      | Reached XP level 9. HP: 78/88 MP: 8/8
  5533 | D:7      | Noticed Joseph
  5550 | D:7      | Killed Joseph
  5551 | D:7      | Reached skill level 11 in Unarmed Combat
  5866 | D:7      | Reached ** piety under Okawaru
  6691 | D:8      | Reached skill level 12 in Unarmed Combat
  6730 | D:8      | Found an ornate altar of the Wu Jian Council.
  7003 | D:8      | Reached *** piety under Okawaru
  7315 | D:9      | Found a staircase to the Lair.
  7316 | D:9      | Noticed a komodo dragon
  7369 | D:9      | Reached XP level 10. HP: 102/102 MP: 9/9
  7950 | D:9      | Reached **** piety under Okawaru
  8072 | D:9      | Reached skill level 13 in Unarmed Combat
  8295 | D:9      | Noticed a radroach
  8296 | D:9      | Noticed an obsidian statue
  8322 | D:9      | Noticed a sun demon
  8605 | D:9      | Noticed a centaur warrior
  8622 | D:9      | Killed a centaur warrior
  8811 | D:9      | Noticed a water nymph
  8820 | D:9      | Killed a water nymph
  8820 | D:9      | Reached ***** piety under Okawaru
  8888 | D:10     | Entered Level 10 of the Dungeon
  8957 | D:10     | Noticed a deep elf pyromancer
  9105 | D:10     | Killed a deep elf pyromancer
  9105 | D:10     | Received a gift from Okawaru
  9106 | D:10     | Reached XP level 11. HP: 115/115 MP: 8/10
  9213 | D:10     | Found Coisud's Armour Shoppe.
  9466 | D:10     | Identified the +1 robe of Okawaru's Pride {rN+ Str+3}
                  | (Okawaru gifted it to you on level 10 of the Dungeon)
  9466 | D:10     | Received a gift from Okawaru
  9537 | D:10     | Identified the +6 falchion "Igrolu" {spect, rPois rF+}
  9542 | D:10     | Found Suirch Kyaqu's Antique Armour Emporium.
  9592 | D:10     | Found Taulav's General Store.
  9606 | D:10     | Bought an embroidered hat for 175 gold pieces
  9712 | D:10     | Found Zioveah's Jewellery Shoppe.
  9747 | D:10     | Found Plog's Magic Scroll Boutique.
  9764 | D:10     | Bought a scroll of enchant armour for 90 gold pieces
  9832 | D:10     | Reached skill level 14 in Unarmed Combat
 10172 | D:11     | Reached skill level 10 in Fighting
 10174 | D:11     | Noticed a two-headed ogre
 10198 | D:11     | Noticed a two-headed ogre
 10200 | D:11     | Noticed a two-headed ogre
 10215 | D:10     | Killed a two-headed ogre
 10485 | D:11     | Noticed a two-headed ogre
 10532 | D:10     | Killed a two-headed ogre
 10552 | D:11     | Killed a two-headed ogre
 10665 | D:11     | Noticed Lodul
 10666 | D:11     | Noticed a two-headed ogre
 10677 | D:11     | Noticed a two-headed ogre
 10683 | D:10     | Killed a two-headed ogre
 10759 | D:10     | Killed a two-headed ogre
 10815 | D:10     | Killed a two-headed ogre
 10816 | D:10     | Reached XP level 12. HP: 109/130 MP: 8/11
 10842 | D:11     | Killed Lodul
 10931 | D:11     | Found Qorepror's Jewellery Shoppe.
 11098 | Lair:1   | Entered Level 1 of the Lair of Beasts
 11198 | D:11     | Bought a ring of poison resistance for 240 gold pieces
 11757 | Lair:1   | Noticed Urug
 11851 | Lair:1   | Identified the +0 cloak "Ronyen" {rF+} (Okawaru gifted it
                  | to you on level 1 of the Lair of Beasts)
 11851 | Lair:1   | Received a gift from Okawaru
 11997 | Lair:1   | Noticed Amaemon
 12017 | Lair:1   | Killed Amaemon
 12132 | Lair:1   | Identified the +5 scale mail "Esanaump" {+Inv rElec}
 12333 | Lair:1   | Killed Urug
 12433 | Lair:2   | Reached skill level 5 in Dodging
 12433 | Lair:2   | Reached skill level 5 in Shields
 13580 | Lair:3   | Noticed a five-headed hydra
 13591 | Lair:3   | Killed a ten-headed hydra
 13943 | Lair:3   | Reached XP level 13. HP: 105/140 MP: 12/12
 14493 | Lair:4   | Found a staircase to the Snake Pit.
 14536 | Lair:4   | HP: 9/210 [eight-headed hydra (12)]
 14536 | Lair:4   | HP: 2/210 [eight-headed hydra (7)]
 14536 | Lair:4   | Mangled by an eight-headed hydra

Illustrated notes

Levels and vault maps discovered:
D:1:      minmay_arrival_stone_box, layout_loops_corners,
          hellmonk_ecumenical_altar_arch_garden
D:2:      layout_loops_cross, kennysheep_nub, uniq_robin
D:3:      layout_basic, minmay_misc_feat_tower, uniq_sigmund
D:4:      dreamdust_elfheim, layout_rooms, minmay_temple_entry_nine_rooms,
          minivault_14, kennysheep_another_room
D:5:      layout_layer_cave, minmay_checkerbox
D:6:      layout_gridville, serial_shops, nicolae_shop_trees
D:7:      layout_cave_pods, serial_undead, serial_undead_e, serial_undead_e,
          serial_undead_d, serial_undead_a, uniq_joseph
D:8:      layout_basic, amcnicky_altar_gilded, st_stairs_8, serial_bayou_pond_a
D:9:      kennysheep_blocky_room, layout_loops_ring, david_lair_shrubbed,
          st_stairs_11, minivault_15
D:10:     layout_roguey, serial_shops, nicolae_shop_trees, shop_statue,
          nicolae_shop_advertising_works [nicolae_subvault_shop_adworks],
          nicolae_shop_temple_entry_statues_fountains, nicolae_square_shop,
          serial_corexii_hall, corexii_hall_statues_s,
          chequers_hall_statues_corner_a, minmay_statues_item
D:11:     layout_cave_pools, serial_shops,
          nicolae_shop_temple_entry_statues_fountains, uniq_lodul
Temple:   kilobyte_greek_temple
Lair:1:   layout_regular_city, nicolae_quartered_pool_little, minmay_holes,
          uniq_urug, uniq_amaemon
Lair:2:   layout_chaotic_city, roderic_batcave, chequers_serial_rivers_large_b,
          dreamdust_wasp_nest
Lair:3:   layout_gridlike, columned_hall_lemuel
Lair:4:   layout_roguey, palyth_hydra_swamp_entry, dummy_snake_entry

Skill      XL: |  1  2  3  4  5  6  7  8  9 10 11 12 13 |
---------------+----------------------------------------+-----
Unarmed Combat | 3 4 5 6 7 9 10 12 13 14 | 14.0
Fighting       | 5 7 9 11 12 | 12.0
Dodging        | 3 6 7 |  7.1
Shields        | 3 6 7 |  7.0

Action                   |  1- 3 |  4- 6 |  7- 9 | 10-12 | 13-15 || total
-------------------------+-------+-------+-------+-------+-------++-------
Melee: Unarmed           |    95 |   159 |   262 |   549 |    23 ||  1088
Throw: Boomerang         |       |       |    17 |     6 |       ||    23
       Dart              |       |       |       |     3 |       ||     3
Invok: Heroism           |       |       |       |    16 |     1 ||    17
       Finesse           |       |       |       |     1 |       ||     1
Evoke: Wand              |       |       |       |     1 |       ||     1
  Use: Potion            |       |     1 |     1 |     2 |     2 ||     6
       Scroll            |       |       |    22 |     4 |       ||    26
 Stab: Sleeping          |     1 |     1 |       |       |       ||     2
Armor: Robe              |    23 |    26 |    38 |   100 |    12 ||   199
       Animal skin       |       |    41 |     5 |       |       ||    46
Dodge: Dodged            |    37 |    53 |    58 |   195 |    19 ||   362
Block: Kite shield       |    28 |    33 |       |       |       ||    61
       Tower shield      |       |    51 |   171 |   369 |    37 ||   628

Table legend: (Time is in decaauts)
 A = Elapsed time spent in this place.
 B = Non-inter-level travel time spent in this place.
 C = Inter-level travel time spent in this place.
 D = Time resting spent in this place.
 E = Time spent auto-exploring this place.
 F = Levels seen in this place.
 G = Mean time per level.
                   A        B        C        D        E       F      G
               +--------+--------+--------+--------+--------+-----+--------+
         Total |  14687 |  13621 |   1066 |   1144 |   3932 |  16 |  917.9 |
       Dungeon |  11149 |  10209 |    940 |    887 |   3396 |  11 | 1013.5 |
        Temple |    204 |    144 |     60 |      0 |    138 |   1 |  204.0 |
          Lair |   3332 |   3266 |     66 |    257 |    398 |   4 |  833.0 |
               +--------+--------+--------+--------+--------+-----+--------+

Top non-repeatable levels by time:
     D:9: 1851 daAuts
    D:10: 1358 daAuts
     D:5: 1223 daAuts
  Lair:1: 1142 daAuts
  Lair:2: 1093 daAuts
     D:8: 987 daAuts
     D:1: 901 daAuts
  Lair:3: 895 daAuts
     D:7: 893 daAuts
     D:4: 860 daAuts
     D:6: 776 daAuts
    D:11: 772 daAuts
     D:3: 769 daAuts
     D:2: 754 daAuts
  Temple: 204 daAuts
